[Event "58th Akiba Rubinstein A 2022"]
[Site "Polanica-Zdroj"]
[Date "2022.08.19"]
[Round "7.5"]
[White "Barwinska, Ewa"]
[Black "Skrzypczynski, Kacper"]
[Result "1/2-1/2"]
[ECO "C41"]
[WhiteElo "1940"]
[BlackElo "1793"]
[Annotator "NA RC"]
[PlyCount "165"]
[EventDate "2022.08.13"]
[EventCountry "POL"]
[SourceTitle "playchess.com"]
[Source "ChessBase"]
[SourceQuality "1"]
[TimeControl "40/5400+30:1800+30"]

1. e4 d6 2. d4 Nf6 3. Nc3 e5 4. Nf3 Nbd7 5. Bc4 Be7 6. O-O O-O 7. h3 h6 8. a4 c6 9. Re1 Qc7 10. Ba2 Re8 11. Be3 a5 12. d5 Nf8 13. Qd3 Ng6 14. Rad1 Rf8 15. Nd2 Nh5 16. Nc4 Nhf4 17. Bxf4 Nxf4 18. Qg3 Bd7 19. Ne3 Qb6 20. Bb3 Kh7 21. Nf5 Bxf5 22. exf5 g6 23. Qg4 Rad8 24. Ne2 Nxe2+ 25. Rxe2 c5 26. Bc4 h5 27. Qf3 Bf6 28. b3 Qc7 29. Bd3 Kg7 30. Qg3 h4 31. Qg4 Qd7 32. Re3 Rh8 33. Rf3 Rh6 34. Qc4 Rh5 35. fxg6 fxg6 36. Re1 Bg5 37. Re4 Rh6 38. Rg4 Bf6 39. Qe4 Qf7 40. Qc4 Rf8 41. Be4 Qe8 42. Qd3 Be7 43. Rxf8 Bxf8 44. Qc3 b6 45. f4 Kh7 46. f5 gxf5 47. Bxf5+ Kh8 48. Be6 Bg7 49. Qc4 Qd8 50. Qa6 e4 51. Rxe4 Bd4+ 52. Kh1 Qf8 53. Rg4 Bg7 54. Qe2 Qf6 55. Qe1 Rh5 56. c4 Rh6 57. Re4 Qa1 58. Qxa1 Bxa1 59. Bg4 Be5 60. Kg1 Kg7 61. Bf3 Kf7 62. Kf2 Ke7 63. Ke3 Kd8 64. Rg4 Rh8 65. Rg6 Rf8 66. Rg4 Bd4+ 67. Kd3 Rh8 68. Be4 Be5 69. Bf5 Ke7 70. Ke4 Rh6 71. Rg8 Rh8 72. Rg6 Bh2 73. Be6 Be5 74. Bg4 Rf8 75. Bf5 Bh2 76. Rh6 Bg3 77. Rg6 Be5 78. Rg4 Rh8 79. Be6 Kf6 80. Bf5 Kf7 81. Be6+ Kf6 82. Bf5 Kf7 83. Be6+ 1/2-1/2

[Event "58th Akiba Rubinstein A 2022"]
[Site "Polanica-Zdroj"]
[Date "2022.08.19"]
[Round "7.6"]
[White "Bugajski, Robert"]
[Black "Kejna, Piotr"]
[Result "1-0"]
[ECO "A16"]
[WhiteElo "2075"]
[BlackElo "1970"]
[Annotator "NA RC"]
[PlyCount "107"]
[EventDate "2022.08.13"]
[EventCountry "POL"]
[SourceTitle "playchess.com"]
[Source "ChessBase"]
[SourceQuality "1"]
[TimeControl "40/5400+30:1800+30"]

1. c4 Nf6 2. Nc3 e5 3. Nf3 d6 4. d4 exd4 5. Nxd4 g6 6. g3 Bg7 7. Bg2 O-O 8. O-O Nbd7 9. e4 Nc5 10. f3 a5 11. Be3 Re8 12. Qd2 Be6 13. b3 Qc8 14. Ndb5 a4 15. Rab1 Nfd7 16. Nd5 Bxd5 17. cxd5 Nb6 18. Rfc1 axb3 19. axb3 Qd7 20. Bf1 Rec8 21. Qf2 Bf8 22. Rc2 Ra5 23. Qe2 Raa8 24. Qf2 Ra5 25. Nd4 Raa8 26. b4 Nca4 27. Rbc1 Be7 28. Bb5 Qd8 29. Ra2 Bf6 30. Qc2 Nc3 31. Rxa8 Bxd4 32. Bxd4 Nxb5 33. Rxc8 Nxc8 34. Ba1 f6 35. Qc4 Nca7 36. Bb2 Kf7 37. Ra1 b6 38. f4 Ke8 39. Re1 Kd7 40. e5 dxe5 41. fxe5 f5 42. d6 Kc8 43. Qe6+ Kb7 44. d7 Nc6 45. Qe8 Qg5 46. Bc1 Qg4 47. Bf4 Ncd4 48. Qc8+ Kc6 49. Rc1+ Nc3 50. d8=Q Nde2+ 51. Kf2 Kb5 52. Qd3+ Kxb4 53. Rb1+ Nxb1 54. Qxb1+ 1-0

[Event "58th Akiba Rubinstein A 2022"]
[Site "Polanica-Zdroj"]
[Date "2022.08.19"]
[Round "7.7"]
[White "Sliwerski, Radoslaw"]
[Black "Kolodziejski, Piotr"]
[Result "0-1"]
[ECO "E20"]
[WhiteElo "1951"]
[BlackElo "2107"]
[Annotator "NA RC"]
[PlyCount "50"]
[EventDate "2022.08.13"]
[EventCountry "POL"]
[SourceTitle "playchess.com"]
[Source "ChessBase"]
[SourceQuality "1"]
[TimeControl "40/5400+30:1800+30"]

1. d4 Nf6 2. c4 e6 3. Nc3 Bb4 4. f3 c5 5. d5 O-O 6. e4 b5 7. Nh3 bxc4 8. Bxc4 exd5 9. exd5 d6 10. Nf4 Re8+ 11. Kf2 Ba6 12. Bxa6 Nxa6 13. Bd2 c4 14. Re1 Qd7 15. Kf1 Rxe1+ 16. Qxe1 Re8 17. Ne4 Nxe4 18. Bxb4 Qf5 19. Bd2 Nxd2+ 20. Qxd2 Nc5 21. h4 Qf6 22. h5 h6 23. Rc1 Qh4 24. g4 Qh1+ 25. Kf2 Qh2+ 0-1

[Event "58th Akiba Rubinstein A 2022"]
[Site "Polanica-Zdroj"]
[Date "2022.08.19"]
[Round "7.8"]
[White "Antoniewicz, Jakub"]
[Black "Majocha, Piotr"]
[Result "0-1"]
[ECO "A28"]
[WhiteElo "1931"]
[BlackElo "2036"]
[Annotator "NA RC"]
[PlyCount "66"]
[EventDate "2022.08.13"]
[EventCountry "POL"]
[SourceTitle "playchess.com"]
[Source "ChessBase"]
[SourceQuality "1"]
[TimeControl "40/5400+30:1800+30"]

1. c4 e5 2. Nc3 Nf6 3. Nf3 Nc6 4. e3 Bb4 5. Qc2 O-O 6. Nd5 Be7 7. Ng5 g6 8. Nxe7+ Qxe7 9. a3 d6 10. b4 h6 11. Nf3 e4 12. b5 exf3 13. bxc6 bxc6 14. Bb2 Nd7 15. gxf3 Kh7 16. f4 Nc5 17. f3 Qh4+ 18. Ke2 Bf5 19. e4 Rae8 20. d3 Qxf4 21. Qc3 f6 22. Bc1 Qh4 23. Be3 Ne6 24. Kd2 Bh3 25. Kc2 f5 26. Qd2 fxe4 27. fxe4 c5 28. Qe1 Qh5 29. Be2 Bg4 30. Bxg4 Qxg4 31. Qg3 Qe2+ 32. Bd2 Nd4+ 33. Kc3 Rf3 0-1

[Event "58th Akiba Rubinstein A 2022"]
[Site "Polanica-Zdroj"]
[Date "2022.08.19"]
[Round "7.9"]
[White "Nowak, Filip"]
[Black "Betkowski, Andrzej"]
[Result "1/2-1/2"]
[ECO "C10"]
[WhiteElo "1957"]
[BlackElo "2063"]
[Annotator "NA RC"]
[PlyCount "99"]
[EventDate "2022.08.13"]
[EventCountry "POL"]
[SourceTitle "playchess.com"]
[Source "ChessBase"]
[SourceQuality "1"]
[TimeControl "40/5400+30:1800+30"]

1. e4 e6 2. d4 d5 3. Nc3 Nc6 4. Nf3 Nf6 5. Bd3 Nb4 6. Bg5 Be7 7. e5 Nxd3+ 8. cxd3 Nd7 9. Bxe7 Qxe7 10. O-O a6 11. Qa4 O-O 12. Rac1 c6 13. Qc2 b5 14. a4 Bb7 15. Na2 b4 16. a5 Rab8 17. Qa4 Ba8 18. Nd2 Rb5 19. Nb3 Rfb8 20. Rfd1 f6 21. f4 fxe5 22. fxe5 c5 23. Nxc5 Nxc5 24. dxc5 b3 25. Nc3 Qxc5+ 26. d4 Qb4 27. Ra1 Qxa4 28. Nxa4 Rxa5 29. Nc5 Ra2 30. Nxa6 Rc8 31. Rxa2 bxa2 32. Ra1 Rc4 33. Rxa2 Rxd4 34. Nc5 Bc6 35. Nxe6 Rd1+ 36. Kf2 Rd2+ 37. Kg3 d4 38. Ra6 Rxg2+ 39. Kh3 Be4 40. Nxd4 g5 41. e6 g4+ 42. Kh4 Rxh2+ 43. Kg5 Rxb2 44. Kf6 Rf2+ 45. Ke5 Bg6 46. Ra8+ Rf8 47. Ra1 Rf2 48. Ra8+ Rf8 49. Ra1 Rf2 50. Ra8+ 1/2-1/2

[Event "58th Akiba Rubinstein A 2022"]
[Site "Polanica-Zdroj"]
[Date "2022.08.19"]
[Round "7.10"]
[White "Rog, Bartlomiej"]
[Black "Kasprzak, Lukasz"]
[Result "1/2-1/2"]
[ECO "B24"]
[WhiteElo "2091"]
[BlackElo "1938"]
[Annotator "NA RC"]
[PlyCount "31"]
[EventDate "2022.08.13"]
[EventCountry "POL"]
[SourceTitle "playchess.com"]
[Source "ChessBase"]
[SourceQuality "1"]
[TimeControl "40/5400+30:1800+30"]

1. e4 c5 2. Nc3 Nc6 3. Bb5 Nd4 4. Nf3 a6 5. Bd3 d6 6. Nxd4 cxd4 7. Ne2 e5 8. c3 dxc3 9. dxc3 Nf6 10. O-O Be7 11. c4 O-O 12. Nc3 Be6 13. a4 Rc8 14. Qe2 g6 15. f4 exf4 16. Bxf4 1/2-1/2

[Event "58th Akiba Rubinstein A 2022"]
[Site "Polanica-Zdroj"]
[Date "2022.08.19"]
[Round "7.11"]
[White "Paprocki, Antoni"]
[Black "Motyl, Tomasz"]
[Result "1/2-1/2"]
[ECO "A57"]
[WhiteElo "1981"]
[BlackElo "1936"]
[Annotator "NA RC"]
[PlyCount "32"]
[EventDate "2022.08.13"]
[EventCountry "POL"]
[SourceTitle "playchess.com"]
[Source "ChessBase"]
[SourceQuality "1"]
[TimeControl "40/5400+30:1800+30"]

1. d4 Nf6 2. c4 c5 3. d5 b5 4. cxb5 a6 5. e3 g6 6. Nc3 d6 7. Nf3 Bg7 8. a4 O-O 9. e4 axb5 10. Bxb5 Ba6 11. Bd2 Bxb5 12. axb5 Nbd7 13. O-O Qb6 14. h3 Rfb8 15. Ra3 Ne8 16. Qc2 Nc7 1/2-1/2

[Event "58th Akiba Rubinstein A 2022"]
[Site "Polanica-Zdroj"]
[Date "2022.08.19"]
[Round "7.12"]
[White "Kazmierowski, Tymon"]
[Black "Wolanski, Michal"]
[Result "1-0"]
[ECO "A46"]
[WhiteElo "1961"]
[BlackElo "2005"]
[Annotator "NA RC"]
[PlyCount "81"]
[EventDate "2022.08.13"]
[EventCountry "POL"]
[SourceTitle "playchess.com"]
[Source "ChessBase"]
[SourceQuality "1"]
[TimeControl "40/5400+30:1800+30"]

1. d4 Nf6 2. Nf3 c5 3. e3 e6 4. c4 cxd4 5. exd4 d5 6. Nc3 Be7 7. c5 O-O 8. Bd3 b6 9. b4 bxc5 10. bxc5 Nc6 11. O-O Nd7 12. Bf4 Bf6 13. Bb5 Bb7 14. Bd6 Re8 15. Qa4 Nb6 16. Qa3 Nc4 17. Bxc4 dxc4 18. Rab1 Qa5 19. Qxa5 Nxa5 20. Ne5 Ba6 21. Nb5 Bd8 22. Rfc1 f6 23. Nxc4 Nc6 24. Rd1 Be7 25. a4 Red8 26. Ne3 Bxd6 27. Nxd6 Rab8 28. d5 exd5 29. Nxd5 Kf8 30. Nc7 Bc8 31. Rxb8 Nxb8 32. f3 Bd7 33. Ncb5 Bc6 34. Nd4 Bd7 35. Rb1 Nc6 36. Nxc6 Bxc6 37. a5 Ke7 38. Kf2 Rd7 39. Re1+ Kd8 40. Re8+ Kc7 41. Rc8# 1-0

[Event "58th Akiba Rubinstein A 2022"]
[Site "Polanica-Zdroj"]
[Date "2022.08.19"]
[Round "7.13"]
[White "Hetzer, Volkhard"]
[Black "Czechowski, Jakub"]
[Result "1/2-1/2"]
[ECO "D79"]
[WhiteElo "1921"]
[BlackElo "2003"]
[Annotator "NA RC"]
[PlyCount "35"]
[EventDate "2022.08.13"]
[EventCountry "POL"]
[SourceTitle "playchess.com"]
[Source "ChessBase"]
[SourceQuality "1"]
[TimeControl "40/5400+30:1800+30"]

1. Nf3 Nf6 2. d4 g6 3. g3 Bg7 4. Bg2 O-O 5. O-O d5 6. c4 c6 7. cxd5 cxd5 8. Ne5 e6 9. Nc3 Nfd7 10. f4 Nc6 11. Be3 f6 12. Nxd7 Bxd7 13. Bf2 f5 14. e3 Kh8 15. Rc1 Na5 16. Qe2 Rc8 17. Rfd1 Qe7 18. Be1 1/2-1/2

[Event "58th Akiba Rubinstein A 2022"]
[Site "Polanica-Zdroj"]
[Date "2022.08.19"]
[Round "7.14"]
[White "Smietanska, Wiktoria"]
[Black "Iwanczuk, Krzysztof"]
[Result "1/2-1/2"]
[ECO "B51"]
[WhiteElo "1919"]
[BlackElo "1947"]
[Annotator "NA RC"]
[PlyCount "53"]
[EventDate "2022.08.13"]
[EventCountry "POL"]
[SourceTitle "playchess.com"]
[Source "ChessBase"]
[SourceQuality "1"]
[TimeControl "40/5400+30:1800+30"]

1. e4 c5 2. Nf3 d6 3. Bb5+ Nd7 4. Ba4 Ngf6 5. O-O Nxe4 6. Re1 Nef6 7. d4 cxd4 8. Nxd4 e6 9. Nb5 a6 10. Nxd6+ Bxd6 11. Qxd6 Qe7 12. Bf4 Qxd6 13. Bxd6 b5 14. Bb3 Bb7 15. Nc3 Nb6 16. a4 Nc4 17. Bb4 Nd5 18. Nxd5 Bxd5 19. axb5 axb5 20. Bc3 O-O 21. Bxc4 bxc4 22. f3 f6 23. Kf2 Kf7 24. Bb4 Rfb8 25. c3 Rd8 26. Ke2 e5 27. Red1 1/2-1/2

[Event "58th Akiba Rubinstein A 2022"]
[Site "Polanica-Zdroj"]
[Date "2022.08.19"]
[Round "7.15"]
[White "Paszkowski, Krystian"]
[Black "Skrzyczek, Tomasz"]
[Result "1-0"]
[ECO "D02"]
[WhiteElo "1988"]
[BlackElo "1909"]
[Annotator "NA RC"]
[PlyCount "69"]
[EventDate "2022.08.13"]
[EventCountry "POL"]
[SourceTitle "playchess.com"]
[Source "ChessBase"]
[SourceQuality "1"]
[TimeControl "40/5400+30:1800+30"]

1. Nf3 d5 2. d4 Nf6 3. c4 e6 4. e3 Be7 5. Bd3 O-O 6. O-O dxc4 7. Bxc4 c5 8. dxc5 Bxc5 9. Qe2 a6 10. Rd1 Qc7 11. a3 b5 12. Bd3 Bb7 13. h3 Nc6 14. b4 Be7 15. Bb2 Rad8 16. Nbd2 Nd7 17. Rac1 Qb8 18. Bb1 Nce5 19. Nxe5 Nxe5 20. Bxh7+ Kxh7 21. Qh5+ Kg8 22. Bxe5 Qa8 23. Qg4 g6 24. Rc7 Rd5 25. Qg3 Bd8 26. Rc5 Rd3 27. h4 Kh7 28. h5 g5 29. Kh2 f5 30. Nf3 Rxd1 31. Nxg5+ Kg8 32. Nh7+ Kf7 33. Qg7+ Ke8 34. Qxf8+ Kd7 35. Qf7+ 1-0

[Event "58th Akiba Rubinstein A 2022"]
[Site "Polanica-Zdroj"]
[Date "2022.08.20"]
[Round "8.1"]
[White "Kolodziejski, Piotr"]
[Black "Koziorowicz, Michal"]
[Result "1/2-1/2"]
[ECO "C00"]
[WhiteElo "2107"]
[BlackElo "2231"]
[Annotator "TA"]
[PlyCount "92"]
[EventDate "2022.08.13"]
[EventCountry "POL"]
[SourceTitle "playchess.com"]
[Source "ChessBase"]
[SourceQuality "1"]
[TimeControl "40/5400+30:1800+30"]

1. e4 e6 2. d4 d5 3. Bd3 dxe4 4. Bxe4 Nf6 5. Bf3 c5 6. Ne2 Nc6 7. c3 cxd4 8. cxd4 Be7 {[%emt 0:01:02] C01: French: Exchange Variation.} 9. Nbc3 O-O 10. O-O Bd7 11. a3 {[%emt 0:04:38] [#]} Qb8 $146 ({Predecessor:} 11... Qa5 12. Bf4 Rac8 13. Qd3 Qa6 14. Qxa6 bxa6 15. Rfd1 h6 16. Rac1 g5 17. Be3 Na5 {1-0 (39) Feuerstack,A (2429)-Kostin,A (2313) Sunny Beach 2013}) 12. Re1 Bd6 {[%emt 0:05:39] Inhibits Bf4.} 13. g3 (13. Bg5 $5 ) 13... Ne7 14. Nf4 Bc6 15. Bxc6 (15. d5 $142 Nexd5 16. Nfxd5 exd5 17. Bg5) 15... bxc6 $11 16. Qc2 Ned5 (16... Nf5 $15 {feels stronger.} 17. Be3 Nxe3 18. fxe3 c5) 17. Nd3 Rc8 18. Bg5 Nd7 19. Ne4 h6 20. Bd2 N5f6 21. Nxf6+ Nxf6 22. Bf4 Bxf4 23. Nxf4 Qb6 24. Red1 Nd5 25. Ne2 c5 26. dxc5 {[%emt 0:01:12] The position is equal.} Rxc5 27. Qd2 a5 28. Rac1 Rb5 29. Rc2 Rb8 30. Nc3 Nxc3 ({Much less strong is} 30... Rxb2 31. Rxb2 Qxb2 32. Qxb2 Rxb2 33. Nxd5 $16) 31. Qxc3 Rf5 32. Rd7 h5 33. h4 Qb5 34. Qd4 Qb3 35. Rc5 Rb5 36. Rxf5 Rxf5 {[%emt 0:00:04][%mdl 4096] Endgame KQR-KQR} 37. Qc3 Qb6 38. Rd2 {[%emt 0:01:20] Active counter play!} Qb7 39. Qe3 Qc6 40. Rd8+ Kh7 41. Rd4 Qc2 42. Qd2 Qb3 43. Rd3 Qb7 44. Rc3 Qe4 45. Re3 Qa4 46. Qe2 Qc6 {[%emt 0:01:59] Weighted Error Value: White=0.04 (flawless) /Black=0.05 (flawless)} 1/2-1/2

[Event "58th Akiba Rubinstein A 2022"]
[Site "Polanica-Zdroj"]
[Date "2022.08.20"]
[Round "8.2"]
[White "Cyborowski, Lukasz"]
[Black "Bugajski, Robert"]
[Result "1-0"]
[ECO "B90"]
[WhiteElo "2483"]
[BlackElo "2075"]
[Annotator "TA"]
[PlyCount "61"]
[EventDate "2022.08.13"]
[EventCountry "POL"]
[SourceTitle "playchess.com"]
[Source "ChessBase"]
[SourceQuality "1"]
[TimeControl "40/5400+30:1800+30"]

1. e4 c5 2. Nf3 d6 3. d4 cxd4 4. Nxd4 Nf6 5. Nc3 a6 6. Be3 e5 7. Nb3 Be6 8. Qd2 Nbd7 9. f4 Rc8 {[%emt 0:09:43] is currently scoring better than 9...b5. B90: Sicilian Najdorf: Unusual White 6th moves, 6 Be3 Ng4 and 6 Be3 e5.} (9... b5 $11) 10. f5 $14 Bc4 11. O-O-O (11. Bxc4 $1 $14 Rxc4 12. Qd3) 11... Be7 (11... b5 $1 $11) 12. Kb1 ({Better is} 12. Bxc4 $14 Rxc4 13. Qd3) 12... b5 $1 $11 13. g4 h6 (13... Nxg4 {is interesting.} 14. Rg1 h5 15. h3 Nxe3 16. Qxe3 Qb6) 14. Rg1 Bxf1 15. Rdxf1 {[%emt 0:05:36] [#]} Qc7 $146 (15... b4 $15 16. Nd5 a5) ({Predecessor:} 15... b4 16. Nd5 Nxd5 17. Qxd5 Qc7 18. Qd3 Bg5 19. Rc1 Bxe3 20. Qxe3 Qb6 21. Qd3 Rc6 {1-0 (63) Mastrovasilis,D (2604)-Damljanovic,B (2611) Valjevo 2011}) 16. Qd3 Qc4 ({Black should try} 16... b4 $11 17. Nd5 Nxd5 18. exd5 a5) 17. Nd2 Qc6 18. Nd5 Nc5 19. Bxc5 dxc5 20. c4 {[%emt 0:00:45] 0x0.0005ed3d38c6dp-1022s more active pieces.} Rd8 {[%emt 0:02:38] [#]} 21. Rd1 $1 Nxd5 (21... Qb6 $16) 22. exd5 $18 ({Resist} 22. cxd5 $6 Qd6 $14) 22... Qb6 23. Ne4 {[%emt 0:01:13] d6 is the strong threat.} O-O 24. Rg2 Rd7 (24... bxc4 {keeps fighting.} 25. Qxc4 Qb8) 25. h4 Bxh4 (25... bxc4 {was necessary.} 26. Qxc4 Bxh4) 26. Qh3 Bg5 $2 (26... g5 27. d6 Kh8) 27. Nxg5 hxg5 28. Rh2 f6 {[%emt 0:06:08] [#]} 29. Qh5 $1 {[%emt 0:00:03] Threatening mate with Rdh1.} ({And not} 29. Qh7+ Kf7 $11) 29... Rb8 30. Qg6 Rf7 {[%emt 0:04:20] [#]} 31. Rh8+ $3 {[%emt 0:00:10][%mdl 33280] Weighted Error Value: White=0.21 (precise) /Black=0.78. Loss on time!?} 1-0

[Event "58th Akiba Rubinstein A 2022"]
[Site "Polanica-Zdroj"]
[Date "2022.08.20"]
[Round "8.3"]
[White "Razin, Vadim"]
[Black "Kowalczyk, Rafal"]
[Result "1-0"]
[ECO "E95"]
[WhiteElo "2428"]
[BlackElo "2239"]
[Annotator "TA"]
[PlyCount "129"]
[EventDate "2022.08.13"]
[EventCountry "POL"]
[SourceTitle "playchess.com"]
[Source "ChessBase"]
[SourceQuality "1"]
[TimeControl "40/5400+30:1800+30"]

1. d4 Nf6 2. Nf3 g6 3. c4 Bg7 4. Nc3 O-O 5. e4 d6 6. Be2 Nbd7 7. O-O e5 8. Re1 Re8 9. Bf1 a6 10. Bg5 {[%emt 0:06:35] [#] E95: King's Indian: Classical: 7...Nbd7 8 Re1.} h6 $146 ({Predecessor:} 10... c5 11. dxc5 Nxc5 12. b4 Ne6 13. Bh4 Nc7 14. h3 h6 15. Bxf6 Qxf6 16. Nd5 Nxd5 17. cxd5 Bd7 {1-0 (35) Medina,S (2138)-Fuertes,L Caseros 2001}) 11. Bh4 c6 12. Qd2 {[%emt 0:03:56] White is slightly better.} Qc7 13. Rad1 Nh5 14. d5 c5 15. Qc2 Nf8 16. Nd2 f5 17. exf5 gxf5 18. f3 $1 Ng6 19. Bf2 Qf7 (19... b6 $14) 20. Na4 $16 Qc7 {[%emt 0:08:59] Prevents Nb6.} 21. Qb3 {[%emt 0:10:24] Prevents b6.} Nf6 22. Nb6 Rb8 23. h3 (23. Bd3 $16) 23... e4 (23... Qf7 $14) 24. fxe4 f4 25. Nf3 ({White should play} 25. Nxc8 {Nb6 is the strong threat.} Rbxc8 26. Be2) 25... Nd7 26. Nxc8 {[%emt 0:03:15] White is more active.} Qxc8 27. Qc2 Nde5 28. Kh2 Kh7 (28... Nxf3+ $14 29. gxf3 Re5) 29. Be2 Qd8 30. a3 Qf6 ({Better is} 30... b5 $14) 31. Rb1 Rec8 32. b4 b6 33. bxc5 dxc5 (33... bxc5 $16 {keeps fighting.} 34. Rb3 Rxb3 35. Qxb3 Rg8) 34. a4 Qd6 35. Rb3 Bf6 36. Reb1 Bd8 37. a5 Rb7 38. axb6 Rcb8 39. Qc3 Rxb6 40. Rxb6 Rxb6 41. Rxb6 Bxb6 42. Qa1 Bd8 43. Qa4 Be7 44. Qe8 Qd7 45. Qa8 Qd6 46. Qa7 Kg8 47. Be1 Nxf3+ 48. Bxf3 Ne5 49. Ba5 (49. Kh1 $18) 49... Qf6 (49... Nxc4 $16 50. Bc7 Qf6) 50. Qb8+ $18 Kh7 51. Qb1 (51. Bc7 Nxf3+ 52. gxf3 Qh4 53. Bxf4 Qf2+ 54. Kh1 Qxf3+ 55. Kh2 Qf2+ 56. Kh1 Qf3+ 57. Kh2 Qf2+ 58. Kh1 Qf3+ $11) 51... Bd6 52. Kh1 ({Don't take} 52. Qb7+ Qg7 53. Qb3 (53. Qxg7+ Kxg7 54. Bc3 a5 $16) 53... Bc7 $16) 52... Kg8 53. Bc3 {[%emt 0:00:23] This bishop pair is nice.} Qh4 54. Qb7 $2 {[%emt 0:01:13] [#]} (54. Be1 $18 Qd8 55. Bc3) 54... Qf6 (54... Qf2 $1 $11 {and Black has nothing to worry.} 55. Qb2 (55. Qc8+ Kh7 $11) 55... Qxb2 56. Bxb2 Nxc4) 55. Qxa6 Qe7 56. Qc8+ Kh7 57. Bg4 {[%emt 0:00:51] [#] Prevents Qd7. And now Be6 would win.} f3 58. Qf5+ {[%emt 0:00:26] White mates.} Kg8 59. gxf3 Qg5 60. Qe6+ Nf7 61. f4 Qxf4 62. Qg6+ Kf8 63. Bg7+ Ke8 64. Qe6+ Be7 65. Qd7# {[%emt 0:00:02] Weighted Error Value: White=0.21 (precise) /Black=0.38} 1-0

[Event "58th Akiba Rubinstein A 2022"]
[Site "Polanica-Zdroj"]
[Date "2022.08.20"]
[Round "8.4"]
[White "Skrzypczynski, Kacper"]
[Black "Siekanska, Maria"]
[Result "0-1"]
[ECO "D30"]
[WhiteElo "1793"]
[BlackElo "1964"]
[Annotator "NA RC"]
[PlyCount "52"]
[EventDate "2022.08.13"]
[EventCountry "POL"]
[SourceTitle "playchess.com"]
[Source "ChessBase"]
[SourceQuality "1"]
[TimeControl "40/5400+30:1800+30"]

1. d4 d5 2. c4 e6 3. Nf3 c5 4. cxd5 exd5 5. g3 Nc6 6. Bg2 Nf6 7. O-O Be7 8. dxc5 Bxc5 9. a3 Ne4 10. b4 Be7 11. Bb2 Bf6 12. Qc1 O-O 13. Nc3 Re8 14. Re1 Bf5 15. Na4 Rc8 16. Bxf6 Qxf6 17. Qb2 d4 18. Rac1 b6 19. b5 Ne5 20. Nxe5 Qxe5 21. Qb4 Rxc1 22. Rxc1 Nxf2 23. Qd2 Nh3+ 24. Kf1 Bg4 25. Bxh3 Bxh3+ 26. Kf2 Qf5+ 0-1

[Event "58th Akiba Rubinstein A 2022"]
[Site "Polanica-Zdroj"]
[Date "2022.08.20"]
[Round "8.5"]
[White "Skurniak, Szymon"]
[Black "Barwinska, Ewa"]
[Result "1/2-1/2"]
[ECO "A35"]
[WhiteElo "2051"]
[BlackElo "1940"]
[Annotator "NA"]
[PlyCount "85"]
[EventDate "2022.08.13"]
[EventCountry "POL"]
[SourceTitle "playchess.com"]
[Source "ChessBase"]
[SourceQuality "1"]
[TimeControl "40/5400+30:1800+30"]

1. c4 c5 2. Nc3 Nf6 3. Nf3 Nc6 4. g3 d5 5. cxd5 Nxd5 6. Bg2 Nc7 7. d3 e5 8. Nd2 Be6 9. Nc4 Qd7 10. Qa4 f6 11. f4 Nb4 12. Qxd7+ Kxd7 13. O-O exf4 14. Bxf4 Ncd5 15. Bd2 Nxc3 16. bxc3 Bxc4 17. dxc4 Nc6 18. Rab1 Na5 19. Bf4 Re8 20. Rfd1+ Ke7 21. Bxb7 g5 22. Bd6+ Ke6 23. Bxf8 Nxb7 24. Bg7 Rhg8 25. Rxb7 Re7 26. Rxe7+ Kxe7 27. Bxf6+ Kxf6 28. Rd7 Re8 29. Kf2 h5 30. Rxa7 Re4 31. Ra4 h4 32. e3 Kf5 33. Kf3 hxg3 34. hxg3 Rg4 35. Kf2 Re4 36. Kf3 Rg4 37. Ra5 Rxc4 38. e4+ Ke5 39. Ra8 Rxc3+ 40. Kg4 Kxe4 41. a4 Ra3 42. a5 c4 43. a6 1/2-1/2

[Event "58th Akiba Rubinstein A 2022"]
[Site "Polanica-Zdroj"]
[Date "2022.08.20"]
[Round "8.6"]
[White "Majocha, Piotr"]
[Black "Dziewonski, Dariusz"]
[Result "1/2-1/2"]
[ECO "A06"]
[WhiteElo "2036"]
[BlackElo "2029"]
[Annotator "NA RC"]
[PlyCount "47"]
[EventDate "2022.08.13"]
[EventCountry "POL"]
[SourceTitle "playchess.com"]
[Source "ChessBase"]
[SourceQuality "1"]
[TimeControl "40/5400+30:1800+30"]

1. Nf3 d5 2. c4 e6 3. d4 Nf6 4. g3 Bb4+ 5. Bd2 Be7 6. Bg2 O-O 7. Qc2 c6 8. O-O Nbd7 9. Bg5 h6 10. Bxf6 Bxf6 11. Nbd2 Qb6 12. c5 Qc7 13. e4 b6 14. b4 a5 15. a3 axb4 16. axb4 Ba6 17. Rfb1 Ra7 18. Ra3 Rfa8 19. Rba1 Bb5 20. Qc3 Be7 21. Bf1 Bxf1 22. Kxf1 bxc5 23. bxc5 Qb7 24. Rxa7 1/2-1/2

[Event "58th Akiba Rubinstein A 2022"]
[Site "Polanica-Zdroj"]
[Date "2022.08.20"]
[Round "8.7"]
[White "Kazmierowski, Tymon"]
[Black "Lambrecht, Tomasz"]
[Result "1/2-1/2"]
[ECO "A06"]
[WhiteElo "1961"]
[BlackElo "1956"]
[Annotator "NA RC"]
[PlyCount "44"]
[EventDate "2022.08.13"]
[EventCountry "POL"]
[SourceTitle "playchess.com"]
[Source "ChessBase"]
[SourceQuality "1"]
[TimeControl "40/5400+30:1800+30"]

1. Nf3 d5 2. g3 g6 3. Bg2 Bg7 4. d4 Nf6 5. O-O c6 6. c4 dxc4 7. Ne5 Ng4 8. Nxg4 Bxg4 9. Be3 Nd7 10. Nd2 Nb6 11. h3 Bf5 12. Nf3 Be4 13. Rc1 O-O 14. a4 a5 15. b3 c3 16. Rxc3 Nd5 17. Rc1 Nxe3 18. fxe3 Qd6 19. Kh2 Rad8 20. Qd2 e5 21. Qxa5 exd4 22. exd4 Bxf3 1/2-1/2

[Event "58th Akiba Rubinstein A 2022"]
[Site "Polanica-Zdroj"]
[Date "2022.08.20"]
[Round "8.8"]
[White "Kejna, Piotr"]
[Black "Nowak, Filip"]
[Result "1-0"]
[ECO "C77"]
[WhiteElo "1970"]
[BlackElo "1957"]
[Annotator "NA RC"]
[PlyCount "93"]
[EventDate "2022.08.13"]
[EventCountry "POL"]
[SourceTitle "playchess.com"]
[Source "ChessBase"]
[SourceQuality "1"]
[TimeControl "40/5400+30:1800+30"]

1. e4 e5 2. Nf3 Nc6 3. Bb5 a6 4. Ba4 Nf6 5. Bxc6 dxc6 6. d3 Bd6 7. Nbd2 O-O 8. O-O Re8 9. Nc4 c5 10. a4 h6 11. b3 Bg4 12. Bb2 b5 13. Ne3 Qe7 14. Re1 c6 15. Ra2 Qe6 16. h3 Bxf3 17. Qxf3 Bf8 18. Rea1 Rac8 19. axb5 axb5 20. Ra7 Re7 21. Rxe7 Qxe7 22. Qg3 Nd7 23. Ng4 Qg5 24. Ra7 Rd8 25. h4 Qg6 26. Bxe5 h5 27. Ne3 Nxe5 28. Qxe5 Bd6 29. Qf5 Qxf5 30. Nxf5 c4 31. bxc4 Bc5 32. Rc7 bxc4 33. Rxc6 cxd3 34. Rxc5 d2 35. Ne3 d1=Q+ 36. Nxd1 Rxd1+ 37. Kh2 f6 38. Kg3 g6 39. Rc7 Rd4 40. f3 f5 41. exf5 gxf5 42. Rc5 f4+ 43. Kh3 Rd2 44. Rxh5 Rxc2 45. Rf5 Rc4 46. Kg4 Rc2 47. Kxf4 1-0